 Dungeon Crawl Stone Soup version 0.27.1-1-g398f81649c (webtiles) character file.

Game seed: 12566538877001706104

151 Metae the Skirmisher (level 5, -3/48 HPs)
             Began as a Minotaur Fighter on Sept 7, 2021.
             Slain by an orc warrior (12 damage)
             ... on level 3 of the Dungeon.
             The game lasted 00:09:17 (3512 turns).

Metae the Skirmisher (Minotaur Fighter)             Turns: 3512, Time: 00:09:17

Health: -3/48      AC:  9    Str: 21    XL:     5   Next: 10%
Magic:  4/4        EV:  5    Int: 11    God:
Gold:   115        SH:  9    Dex: 10    Spells: 4/4 levels left

rFire    . . .     SeeInvis .   a - +0 flail
rCold    . . .     Faith    .   c - +0 kite shield
rNeg     . . .     Spirit   .   n - +0 chain mail
rPois    .         Reflect  .   (helmet restricted)
rElec    .         Harm     .   (no cloak)
rCorr    .         Rampage  .   (no gloves)
Will     +....                  (no boots)
Stlth    ..........             (no amulet)
HPRegen  0.16/turn              e - +6 ring of intelligence
MPRegen  0.09/turn              m - ring of willpower

@: no status effects
A: horns 2, retaliatory headbutt
a: no special abilities


You were on level 3 of the Dungeon.
You visited 1 branch of the dungeon, and saw 3 of its levels.

You collected 115 gold pieces.

Inventory:

Hand Weapons
 a - a +0 flail (weapon)
Armour
 c - a +0 kite shield (worn)
 i - a +0 scale mail
 n - a +0 chain mail (worn)
Jewellery
 e - a +6 ring of intelligence (left hand)
 m - a ring of willpower (right hand)
Scrolls
 f - a scroll of identify
 h - a scroll of blinking {unknown}
 k - a scroll of magic mapping {unknown}
 l - a scroll of teleportation
 o - a scroll of noise {unknown}
Potions
 b - 2 potions of ambrosia
 d - a potion of might
 g - a potion of curing {unknown}
 j - a potion of resistance {unknown}


   Skills:
 * Level 5.0 Fighting
 + Level 3.3 Maces & Flails
 * Level 5.0 Armour
 + Level 4.3 Shields


You had 4 spell levels left.
You didn't know any spells.
Your spell library contained the following spells:

 Spells                   Type           Power      Damage    Failure   Level
 Ozocubu's Armour         Ice            0%         N/A       100%        3
 Metabolic Englaciation   Hex/Ice        0%         N/A       100%        5
 Simulacrum               Ice/Necr       0%         N/A       100%        6


Dungeon Overview and Level Annotations

Branches:
Dungeon (3/15)

Altars:
Dithmenos
Gozag
Okawaru

Annotations:
D:3 MeltyBlood's ghost, amateur DsEE


Innate Abilities, Weirdness & Mutations

You have a pair of horns on your head.
You reflexively headbutt those who attack you in melee.


Message History

The endoplasm hits you but does no damage.
You hit the orc warrior.
The orc warrior is heavily wounded.
You block the orc warrior's attack. The endoplasm freezes you.
You are frozen.
You barely miss the orc warrior.
The orc warrior is heavily wounded.
The orc warrior hits you but does no damage.
You block the endoplasm's attack. You block the frilled lizard's attack.
The orc warrior hits you but does no damage.
The endoplasm freezes you.
You are frozen.
The frilled lizard bites you but does no damage.
You hit the orc warrior.
The orc warrior is heavily wounded.
The orc warrior hits you with a +0 long sword.
MeltyBlood's ghost shrieks, "You will join me soon!"
The endoplasm hits you but does no damage.
You block the frilled lizard's attack.
You hit the orc warrior. You headbutt the orc warrior.
The orc warrior is severely wounded.
The orc warrior hits you with a +0 long sword!
The endoplasm freezes you.
You are frozen.
You block the frilled lizard's attack.
The orc warrior hits you with a +0 long sword.
The endoplasm freezes you.
You are frozen.
You block the frilled lizard's attack.
There is an open door here.
You barely miss the frilled lizard. The frilled lizard bites you.
The frilled lizard bites you but does no damage.
The orc warrior hits you with a +0 long sword!
* * * LOW HITPOINT WARNING * * *
The endoplasm jiggles.
MeltyBlood's ghost laughs crazily.
The orc warrior jeers loudly.
The earth trembles for a moment.
The orc warrior hits you with a +0 long sword!
You die...

W.#..'._8$∩#...#
###.....##.....
..##.'...$8#...#
#.......##8...8
..##.#.....###J###.#.....#
##8## ####.##.8.##
#.........### ######
######## #W####....# #.#.#.
#.## #.l..'....# #.#.#.
#..# #..###....#####.#.#.
##.###.o###..............
#..##..@..###......##.##
######.##..##.##.......##.#
#..........##.##.......##.#
#.....#.#..##.##.####'###.#
#.....#....##.##...<#.# #.#
#.....##...##.#######.# #.#
#####.##.>..#.........# #.#
#......############ #.#
######## #.#


You could see an orc warrior, MeltyBlood's ghost, an endoplasm and a frilled
lizard.

Vanquished Creatures
  5 adders
  3 gnolls (D:2)
  A worm (D:3)
  4 dart slugs
  5 ball pythons
  6 bats
  2 endoplasms
  2 giant cockroaches
  2 goblins
  7 hobgoblins
  7 jackals (D:2)
  5 quokkas
  6 frilled lizards
  9 kobolds
  5 rats
69 creatures vanquished.

Notes
Turn   | Place    | Note
-------+----------+-------------------------------------------
     0 | D:1      | Metae the Minotaur Fighter began the quest for the Orb.
     0 | D:1      | Reached XP level 1. HP: 19/19 MP: 0/0
   387 | D:1      | Reached XP level 2. HP: 27/27 MP: 1/1
  1005 | D:2      | Reached XP level 3. HP: 33/33 MP: 2/2
  1424 | D:2      | Found a faded altar of an unknown god.
  1463 | D:2      | Reached XP level 4. HP: 38/41 MP: 3/3
  2364 | D:2      | Found a shadowy altar of Dithmenos.
  2517 | D:3      | Reached skill level 5 in Fighting
  2561 | D:3      | Found a runed translucent gate.
  2562 | D:3      | Found a runed translucent gate.
  2563 | D:3      | Found a runed translucent gate.
  2573 | D:3      | Reached skill level 5 in Armour
  2581 | D:3      | Reached XP level 5. HP: 48/48 MP: 4/4
  2597 | D:3      | Found an iron altar of Okawaru.
  2871 | D:3      | Found an opulent altar of Gozag.
  2872 | D:3      | Noticed MeltyBlood's ghost (amateur DsEE)
  2872 | D:3      | Noticed an orc warrior
  3512 | D:3      | Slain by an orc warrior

Illustrated notes

Levels and vault maps discovered:
D:1:      erik_arrival_cave_to_civilisation [erik_arrival_cave_to_hall],
          layout_basic
D:2:      layout_basic, ebering_ecumenical_altar_sacrificial, basic_altar
D:3:      layout_basic, nicolae_overflow_hidden_temple, ebering_ghost_gozag,
          chequers_jeans

Skill      XL: |  1  2  3  4 |
---------------+-------------+-----
Armour         | 4 5 |  5.0
Fighting       | 4 5 |  5.0
Shields        | 4 |  4.3
Maces & Flails | 3 |  3.3

Action                   |  1- 3 |  4- 6 || total
-------------------------+-------+-------++-------
Melee: Flail             |   118 |    74 ||   192
       Headbutt          |    12 |    12 ||    24
  Use: Scroll            |       |     2 ||     2
Armor: Scale mail        |    81 |     6 ||    87
       Chain mail        |       |    35 ||    35
Dodge: Dodged            |    56 |    15 ||    71
Block: Kite shield       |    94 |    41 ||   135
